Construct Light Support Kompanie
Panzerjäger Mechanized Group
Selects Battlefield Espionage Battlegroup
Selects Intel Disruption Beacon
Pak 38 Anti-tank Gun Team
le.IG 18 Mechanized Group
Construct Panzerarmee Kommand
Walking Stuka Rocket Launcher
Selects 250/3 Funkpanzerwagen
Selects Anti-Tank Incendiary Munitions
Construct Panzerarmee Kommand
Selects Operation Skorpion
Construct Light Support Kompanie
Pak 38 Anti-tank Gun Team